 Dungeon Crawl Stone Soup version 0.22-a0-456-g11ed031 (webtiles) character file.

1690 n0claF the Skirmisher (level 8, -19/73 HPs)
             Began as a Minotaur Fighter on June 6, 2018.
             Was an Initiate of the Shining One.
             Demolished by an orc warrior
             ... wielding a +0 trident
              (29 damage)
             ... in a bailey.
             The game lasted 00:16:50 (5937 turns).

n0claF the Skirmisher (Minotaur Fighter)            Turns: 5937, Time: 00:16:52

Health: -19/73     AC: 11    Str: 28    XL:     8   Next: 72%
Magic:  4/5        EV: 11    Int:  0    God:    the Shining One [......]
Gold:   486        SH: 15    Dex: 11    Spells: 7/7 levels left

rFire    . . .     SeeInvis .   y - +10 mace of Wealth {antimagic, rPois MP+9 Dex+2}
rCold    . . .     Gourm    .   s - +4 shield of the Shrike {+Blink Str+4 Int-5}
rNeg     + . .     Faith    +   m - +4 scale mail of Ruhaol {*Corrode MR+ Slay+2 Stlth+}
rPois    +         Spirit   .   (helmet restricted)
rElec    .         Reflect  .   (no cloak)
rCorr    .         Harm     .   (no gloves)
MR       +....                  (no boots)
Stlth    +.........             u - amulet of faith
HPRegen  0.22/turn              g - ring of flight
MPRegen  0.09/turn              j - ring of positive energy

@: slowed, lost intelligence, glowing, very slow
A: retaliatory headbutt, horns 2
a: Renounce Religion, Evoke Blink, Evoke Flight


You were in a bailey.
You worshipped the Shining One.
The Shining One was noncommittal.
You were hungry.

You visited 2 branches of the dungeon, and saw 8 of its levels.
You also visited: Bailey.

You collected 486 gold pieces.

Inventory:

Hand Weapons
 h - the +0 sword of Power
   (You found it on level 5 of the Dungeon)
 y - the +10 mace of Wealth (weapon) {antimagic, rPois MP+9 Dex+2}
   (You found it on level 4 of the Dungeon)

   It reduces the magical energy of the wielder, and disrupts the spells and
   magical abilities of those hit.
   Natural abilities and divine invocations are not affected.
   It affects your dexterity (+2).
   It protects you from poison.
   It affects your magic capacity (+9).
 B - a +0 quarterstaff of protection
 C - a +0 spear of venom
Missiles
 x - 4 javelins (quivered)
Armour
 m - the +4 scale mail of Ruhaol (worn) {*Corrode MR+ Slay+2 Stlth+}
   (You found it on level 7 of the Dungeon)

   It affects your accuracy and damage with ranged weapons and melee attacks
   (+2).
   It affects your resistance to hostile enchantments.
   It may corrode you when you take damage.
   It makes you more stealthy.
 s - the +4 shield of the Shrike (worn) {+Blink Str+4 Int-5}
   (You found it on level 6 of the Dungeon)

   It affects your strength (+4).
   It affects your intelligence (-5).
   It lets you blink.
Jewellery
 g - a ring of flight (left hand)
 j - a ring of positive energy (right hand)
 u - an amulet of faith (around neck)
 A - an uncursed ring of protection from fire
Wands
 b - a wand of flame (28)
Scrolls
 a - a scroll of immolation {unknown}
 c - a scroll of silence {unknown}
 p - 2 scrolls of identify
 r - 3 scrolls of teleportation
 t - 2 scrolls of enchant armour
Potions
 d - a potion of might
 e - 2 potions of invisibility
 i - a potion of lignification
 k - 3 potions of cancellation
 l - a potion of ambrosia {unknown}
 n - 3 potions of resistance {unknown}
 o - a potion of degeneration {unknown}
 q - a potion of flight {unknown}
 v - a potion of haste {unknown}
 w - a potion of curing {unknown}
 z - a potion of heal wounds {unknown}
Comestibles
 f - 10 rations
 D - a chunk of flesh


   Skills:
 + Level 7.0 Fighting
 - Level 5.1 Long Blades
 + Level 4.4 Maces & Flails
 + Level 6.8 Armour
 + Level 4.8 Dodging
 + Level 6.8 Shields


You had 7 spell levels left.
You didn't know any spells.
Your spell library contained the following spells:

 Spells                   Type           Power        Failure   Level  Hunger
 Summon Small Mammal      Summ           #...         99%         1    ##.....
 Summon Ice Beast         Ice/Summ       #.......     100%        4    #####..
 Call Imp                 Summ           #.......     100%        2    ###....
 Call Canine Familiar     Summ           #.......     100%        3    ####...
 Summon Lightning Spire   Summ/Air       #.......     100%        4    #####..
 Summon Guardian Golem    Hex/Summ       #.......     100%        3    ####...


Dungeon Overview and Level Annotations

Branches:
Dungeon (7/15)             Temple (1/1) D:6

Altars:
Ashenzari
Cheibriados
Fedhas
Gozag
Hepliaklqana
Kikubaaqudgha
Makhleb
Qazlal
Ru
Sif Muna
Trog
Uskayaw
Vehumet
Wu Jian
Xom
Yredelemnul
Zin
The Shining One

Annotations:
D:7 Menkaure


Innate Abilities, Weirdness & Mutations

You reflexively headbutt those who attack you in melee.
You have a pair of horns on your head.


Message History

The orc knight hits you from afar with a glaive!!
You block the orc warrior's attack. The orc warrior barely misses you.
You block the orc warrior's attack. The orc knight barely misses you.
The orc warrior hits you from afar with a trident.
You block the orc warrior's attack. Why would you want to do that?
You thump the orc warrior! Your headbutt misses the orc warrior.
The orc warrior is almost dead.
The orc warrior hits you with a halberd!!
* * * LOW HITPOINT WARNING * * *
The orc warrior hits you but does no damage.
The orc knight roars a battlecry!
The orc warriors go into a battle-frenzy!
The orc warrior hits you from afar with a glaive.
* * * LOW HITPOINT WARNING * * *
You block the orc warrior's attack.
The orc knight hits you from afar with a glaive.
* * * LOW HITPOINT WARNING * * *
The orc warrior hits you from afar with a trident!!
You die...

.≈≈≈≈≈≈≈####### ##..≈≈≈≈≈≈≈≈≈≈.
.≈..##### ##...)......≈.
.≈.#############+#############.≈.
.≈)##.$$$.##.........#+.....##.≈.
.≈..## ##..≈§≈≈≈≈≈..##...##..≈.
.≈≈..## #..≈≈.....≈§..##.##..≈≈.
∩.≈≈).# ..≈§...⌠.o.≈§..#+#..≈≈.#
#.≈≈..# .§≈≈..⌠∩⌠o§§§..# #..≈≈.∩
.≈≈..## #..≈≈..@oo≈§§.# ##..≈≈.
.≈..## ##..≈≈≈≈≈§§§§## ##..≈.
.≈.## +#.........## ##.≈.
.≈.#############+###'#########.≈.
.≈.......)))##.....##......)...≈.
.≈≈≈≈≈≈≈≈≈≈..##.∩.##..≈≈≈≈≈≈≈≈≈≈.
..........≈≈..## ##..≈≈..........
#########..≈≈..###..≈≈..#########
##..≈≈.....≈≈..##


You could see an orc knight and 3 orc warriors.

Vanquished Creatures
  Sigmund (D:5)
  Duvessa (D:7)
  An orc warrior (Bailey)
  An ice beast (D:6)
  2 centaurs
  4 ogres
  A big kobold (D:7)
  A wyvern zombie (D:6)
  Dowan (D:7)
  A wyvern skeleton (D:5)
  A crimson imp (D:6)
  A jelly (D:7)
  2 hounds
  An orc wizard (D:7)
  2 iguanas
  4 worker ants
  A hound skeleton (D:5)
  A worker ant zombie (D:6)
  Robin (D:3)
  10 adders
  A dart slug (D:2)
  2 leopard geckos
  15 orcs
  5 bats
  2 giant cockroaches
  6 hobgoblins
  3 jackals (D:2)
  6 kobolds
  A quokka (D:2)
  3 frilled lizards
  14 goblins
  5 rats
  A spectral orc (D:5)
102 creatures vanquished.

Notes
Turn   | Place    | Note
-------+----------+-------------------------------------------
     0 | D:1      | n0claF the Minotaur Fighter began the quest for the Orb.
     0 | D:1      | Reached XP level 1. HP: 19/19 MP: 0/0
   562 | D:2      | Reached skill level 4 in Fighting
   562 | D:2      | Reached XP level 2. HP: 17/27 MP: 1/1
   909 | D:2      | Reached XP level 3. HP: 31/34 MP: 2/2
  1148 | D:2      | Reached XP level 4. HP: 41/41 MP: 3/3
  1152 | D:2      | Found a shimmering altar of Xom.
  1637 | D:3      | Reached skill level 1 in Dodging
  1849 | D:3      | Noticed Robin
  1875 | D:3      | Killed Robin
  2621 | D:4      | Reached XP level 5. HP: 43/47 MP: 4/4
  2998 | D:4      | Got a transparent mace
  2999 | D:4      | Identified the +10 mace of Wealth {antimagic, rPois MP+9 Dex+2} (You found it on level 4 of the Dungeon)
  3512 | D:5      | Entered Level 5 of the Dungeon
  3562 | D:5      | Noticed an ogre
  3569 | D:5      | Killed an ogre
  3569 | D:5      | Reached skill level 5 in Fighting
  3569 | D:5      | Reached XP level 6. HP: 38/56 MP: 4/5
  3624 | D:5      | Found a hazy altar of Hepliaklqana.
  3693 | D:5      | Reached skill level 5 in Armour
  3693 | D:5      | Reached skill level 5 in Shields
  3711 | D:5      | Found the +0 sword of Power
  3801 | D:5      | Found a sacrificial altar of Ru.
  3827 | D:5      | Reached skill level 1 in Maces & Flails
  3900 | D:5      | Noticed Sigmund
  3915 | D:5      | Killed Sigmund
  3915 | D:5      | Reached XP level 7. HP: 48/62 MP: 5/6
  4403 | D:5      | Found a basalt altar of Yredelemnul.
  4510 | D:6      | Reached skill level 6 in Fighting
  4797 | D:6      | Found a glowing silver altar of Zin.
  4804 | D:6      | Reached skill level 5 in Long Blades
  4833 | D:6      | Reached XP level 8. HP: 54/70 MP: 5/7
  4862 | D:6      | Found an opulent altar of Gozag.
  4896 | D:6      | Got an encrusted shield
  4907 | D:6      | Identified the +4 shield of the Shrike {+Blink Str+4 Int-5} (You found it on level 6 of the Dungeon)
  4907 | D:6      | Lost intelligence.
  4928 | D:6      | Found a staircase to the Ecumenical Temple.
  4937 | Temple   | Entered the Ecumenical Temple
  5256 | Temple   | Became a worshipper of the Shining One
  5465 | D:6      | You fall through a shaft!
  5545 | D:7      | Got a shimmering scale mail
  5556 | D:7      | Identified the +4 scale mail of Ruhaol {*Corrode MR+ Slay+2 Stlth+} (You found it on level 7 of the Dungeon)
  5575 | D:7      | Noticed Dowan
  5580 | D:7      | Noticed Duvessa
  5584 | D:7      | Killed Duvessa
  5590 | D:7      | Killed Dowan
  5721 | D:7      | Noticed Menkaure
  5747 | D:7      | Found a flagged portal.
  5757 | Bailey   | Entered a bailey
  5783 | Bailey   | Reached skill level 7 in Fighting
  5923 | Bailey   | Noticed an orc knight
  5937 | Bailey   | Demolished by an orc warrior

Vault maps used:
D:1:      ncdulo_halloftheorcs
D:2:      wad_lake_hut, lemuel_crystal_altar, first_ration, serial_glass,
          glass_columns_c, glass_columns_b, glass_columns_a, glass_columns_b,
          glass_columns_c, glass_columns_a, glass_columns_c, glass_columns_c,
          glass_columns_a, glass_columns_c, glass_columns_a, glass_columns_a,
          glass_columns_a, glass_columns_a, item_on_display_a, feat_on_display
D:3:      serial_park_tiny_2, uniq_robin
D:5:      yredelemnul_forgotten_temple_becter, kennysheep_mini_moat,
          nicolae_ru_the_path_less_chosen, uniq_sigmund
D:6:      grunt_gozag_statues, old_standard_altar, lemuel_temple_firewalk_b
D:7:      enter_bailey_2, uniq_menkaure, uniq_duvessa
Temple:   minmay_temple_forest_path
Bailey:   bailey_polearm_1, bailey

Skill      XL: |  1  2  3  4  5  6  7  8 |
---------------+-------------------------+-----
Fighting       | 4 5 6 7 |  7.0
Armour         | 4 5 6 |  6.8
Shields        | 4 5 6 |  6.8
Long Blades    | 3 4 5 |  5.1
Dodging        | 1 2 3 4 |  4.8
Maces & Flails | 1 3 4 |  4.4

Action                   |  1- 3 |  4- 6 |  7- 9 || total
-------------------------+-------+-------+-------++-------
Melee: Long sword        |    68 |    60 |       ||   128
       Headbutt          |    10 |    13 |    20 ||    43
       Mace              |       |    22 |    91 ||   113
 Abil: Evoke Blink       |       |       |     1 ||     1
       Evoke Flight      |       |       |     1 ||     1
  Use: Scroll            |       |    10 |     1 ||    11
  Eat: Chunk             |       |     3 |     4 ||     7
       Ration            |       |     2 |     1 ||     3
Armor: Scale mail        |    41 |    26 |    34 ||   101
Dodge: Dodged            |    18 |    23 |    42 ||    83
Block: Shield            |    43 |    29 |    90 ||   162
       Rpst.: Long sword |     2 |     7 |       ||     9

Table legend:
 A = Spawn XP
 B = Non-spawn XP
 C = Spawn XP percentage of total XP
 D = Spawn monster count
 E = Non-spawn monster count
 F = Spawn count percentage of total count
 G = Total turns spent on level
                    A         B        C        D         E        F      G
               +---------+---------+-------+---------+---------+-------+---------
         Total |       0 |    2415 |   0.0 |       0 |     102 |   0.0 |  5937
               +---------+---------+-------+---------+---------+-------+---------
           D:1 |       0 |       6 |   0.0 |       0 |       4 |   0.0 |   549
           D:2 |       0 |     104 |   0.0 |       0 |      27 |   0.0 |  1002
           D:3 |       0 |      62 |   0.0 |       0 |      19 |   0.0 |   922
           D:4 |       0 |      83 |   0.0 |       0 |       5 |   0.0 |  1039
           D:5 |       0 |     676 |   0.0 |       0 |      14 |   0.0 |   928
           D:6 |       0 |     684 |   0.0 |       0 |      11 |   0.0 |   680
           D:7 |       0 |     646 |   0.0 |       0 |      13 |   0.0 |   292
        Bailey |       0 |     154 |   0.0 |       0 |       9 |   0.0 |   180
               +---------+---------+-------+---------+---------+-------+---------
